 Dungeon Crawl Stone Soup version 0.29-a0-275-g389c0b56f3 (webtiles) character file.

Game seed: 11541177986562836546

65 BlueGoblin the Ducker (level 3, -1/19 HPs)
             Began as a Spriggan Monk on Mar 11, 2022.
             Killed from afar by Natasha (4 damage)
             ... with a magic dart
             ... on level 3 of the Dungeon.
             The game lasted 00:01:40 (1363 turns).

BlueGoblin the Ducker (Spriggan Monk)               Turns: 1363, Time: 00:01:41

Health: -1/19      AC:  3    Str:  7    XL:     3   Next: 94%
Magic:  4/4        EV: 21    Int: 11    God:
Gold:   90         SH:  0    Dex: 19    Spells: 2/2 levels left

rFire   . . .      SeeInvis +   a - +0 short sword
rCold   . . .      Faith    .   (no shield)
rNeg    . . .      Spirit   .   b - +0 robe
rPois   .          Reflect  +   i - +1 hat
rElec   .          Harm     .   (no cloak)
rCorr   .          Rampage  .   (gloves unavailable)
Will    .....                   (boots unavailable)
Stlth   +.........              e - amulet of reflection
HPRegen 0.06/turn               (no ring)
MPRegen 0.09/turn               (no ring)

@: confused, ambrosia-drunk, very quick
A: very small, no large weapons, unfitting armour, see invisible, speed 3
a: no special abilities


You were on level 3 of the Dungeon.
You visited 1 branch of the dungeon, and saw 3 of its levels.

You collected 90 gold pieces.

Inventory:

Hand Weapons
 a - a +0 short sword (weapon)
Missiles
 f - 3 poisoned darts (quivered)
Armour
 b - a +0 robe (worn)
 i - a +1 hat (worn)
Jewellery
 e - an amulet of reflection (around neck)
 m - a +6 ring of strength
Wands
 o - a wand of iceblast (5)
Scrolls
 d - 4 scrolls of identify {unknown}
 g - a scroll of fear {unknown}
 j - a scroll of teleportation {unknown}
 k - 2 scrolls of brand weapon {unknown}
Potions
 h - a potion of attraction {unknown}
 l - a potion of mutation {unknown}
 n - a potion of might {unknown}


   Skills:
 - Level 2.4 Fighting
 - Level 3.2 Short Blades
 + Level 6.5 Dodging
 - Level 3.0 Stealth


You had 2 spell levels left.
You didn't know any spells.
Your spell library contained the following spells:

 Spells                   Type           Power      Damage    Failure   Level
 Apportation              Tloc           0%         N/A       34%         1
 Sting                    Tmut/Pois      0%         1d3       34%         1
 Poisonous Vapours        Pois/Air       0%         N/A       47%         2
 Alistair's Intoxication  Tmut/Pois      0%         N/A       100%        5
 Freezing Cloud           Conj/Ice/Air   0%         6-21      100%        5


Dungeon Overview and Level Annotations

Branches:
Dungeon (3/15)

Altars:
Okawaru

Annotations:
D:2 1 runed translucent door, Crazy Yiuf
D:3 Natasha


Innate Abilities, Weirdness & Mutations

You are very small and have problems with some larger weapons.
You are too small for most types of armour.
You have supernaturally acute eyesight. (SInv)
You cover ground extremely quickly. (Speed+++)


Message History

You feel invigorated.
Natasha zaps a wand.
The puff of flame hits you!
* * * LOW HITPOINT WARNING * * *
You bump into the rock wall.
Natasha casts a spell.
You bump into the rock wall.
You feel less invigorated.
You feel less confused.
There is an open door here.
You completely miss Natasha. Natasha casts a spell at you.
The magic dart hits you!
* * * LOW HITPOINT WARNING * * *
The white imp completely misses you.
You hit Natasha.
Natasha is lightly wounded.
Natasha completely misses you. The white imp closely misses you.
You hit Natasha.
Natasha is lightly wounded.
Natasha claws you.
* * * LOW HITPOINT WARNING * * *
The white imp gestures at you. The puff of frost misses you.
You are confused.
You feel invigorated.
Natasha zaps a wand.
The puff of flame misses you. The white imp gestures at you.
The puff of frost misses you.
You closely miss the white imp. Natasha misses you.
The white imp completely misses you.
You bump into the rock wall.
Natasha barely misses you.
The white imp grinds its teeth.
The white imp closely misses you. Natasha attacks as you move away!
Natasha misses you. Natasha casts a spell at you. The magic dart hits you.
You're too confused to move!
The white imp gestures at you. The puff of frost hits you!
* * * LOW HITPOINT WARNING * * *
Natasha stares at you and mumbles some strange words.
The magic dart hits you.
You die...

#+# ##########.#
#.......##)#
#.......##.#
#.......##.#
#.......##.#
+......h'@.#
##......5####
+.........#
#########'######
...#####..........#
.....##..........#
###....##..........#
#<#....#...........#
#.#....#...........#


You could see Natasha and a white imp (summoned).

Vanquished Creatures
  Natasha (D:3)
  An adder (D:2)
  2 endoplasms
  2 giant cockroaches
  4 goblins
  2 hobgoblins (D:1)
  2 quokkas (D:1)
  4 ball pythons
  2 bats
  7 frilled lizards
  3 kobolds
  4 rats
34 creatures vanquished.

Notes
Turn   | Place    | Note
-------+----------+-------------------------------------------
     0 | D:1      | BlueGoblin the Spriggan Monk began the quest for the Orb.
     0 | D:1      | Reached XP level 1. HP: 11/11 MP: 2/2
   142 | D:1      | Reached XP level 2. HP: 16/16 MP: 3/3
   198 | D:1      | Reached skill level 5 in Dodging
   877 | D:2      | Got the Guide on Contamination and Weightlessness
   899 | D:2      | Reached XP level 3. HP: 19/19 MP: 4/4
  1013 | D:2      | Found a faded altar of an unknown god.
  1013 | D:2      | Noticed a soul eater
  1068 | D:2      | Found a runed translucent door.
  1069 | D:2      | Noticed Crazy Yiuf
  1147 | D:2      | Found an iron altar of Okawaru.
  1330 | D:3      | Noticed Natasha
  1335 | D:3      | Killed Natasha
  1336 | D:3      | Reached skill level 6 in Dodging
  1350 | D:3      | Noticed Natasha
  1363 | D:3      | Killed from afar by Natasha

Illustrated notes

Levels and vault maps discovered:
D:1:      psy_arrival_statuary, layout_loops_ring, minmay_misc_feat_enclosed,
          minmay_lizard_pond
D:2:      layout_rooms, dreamdust_ecumenical_altar_sealed_demon, basic_altar,
          uniq_crazy_yiuf_cottage
D:3:      layout_basic, uniq_natasha, uniq_jessica

Skill      XL: |  1  2  3 |
---------------+----------+-----
Dodging        | 5 6 |  6.5
Fighting       | |  2.4
Short Blades   | |  3.2
Stealth        | |  3.0

Action                   || total
-------------------------++-------
Melee: Short sword       ||    64
  Use: Potion            ||     2
 Stab: Sleeping          ||    12
Armor: Robe              ||     2
Dodge: Dodged            ||    31
Block: Other             ||     8

Table legend: (Time is in decaauts)
 A = Elapsed time spent in this place.
 B = Non-inter-level travel time spent in this place.
 C = Inter-level travel time spent in this place.
 D = Time resting spent in this place.
 E = Time spent auto-exploring this place.
 F = Levels seen in this place.
 G = Mean time per level.
                   A        B        C        D        E       F      G
               +--------+--------+--------+--------+--------+-----+--------+
         Total |    903 |    831 |     72 |      0 |    647 |   3 |  301.0 |
       Dungeon |    903 |    831 |     72 |      0 |    647 |   3 |  301.0 |
               +--------+--------+--------+--------+--------+-----+--------+

Top non-repeatable levels by time:
     D:1: 532 daAuts
     D:2: 315 daAuts
     D:3: 55 daAuts
